Map: Ice and Chrome LE

Players

Reynor - Winner!

  • Race: Zerg Zerg
  • League: Master
  • Spawn Location: 1:00

GOStephano (Stephano)

  • Race: Zerg Zerg
  • League: Grandmaster
  • Spawn Location: 7:00

Event: DreamHack SC2 Masters 2020 Fall

VOD

Have the link to the VOD?

Description

Time

  • Played on: Sept. 4, 2020, 1:24 p.m.
  • Length: 9:10

All games in this series

Show
View Real Time Build Order
Export as new Build Order

Reynor Zerg - Winner!

Build Orders: Pool First 

Get SALT Encoding   

  12  0:00  Drone  
  13  0:12  Overlord  
  13  0:16  Drone  
  14  0:30  Drone x2  
  14  0:34  Drone  
  17  0:38  Extractor  
  16  0:44  Drone  
  16  0:49  Spawning Pool  
  16  0:55  Drone  
  17  1:06  Drone  
  18  1:19  Hatchery  
  17  1:36  Queen, Zergling x4  
  21  1:43  Metabolic Boost  
  21  1:50  Overlord  
  21  1:54  Drone  
  22  2:10  Baneling Nest  
  22  2:11  Drone  
  22  2:13  Zergling x2  
  23  2:17  Queen  
  23  2:22  Zergling x2  
  26  2:31  Zergling x2  
  26  2:34  Zergling x2  
  28  2:43  Zergling x6  
  32  2:44  Zergling x2  
  32  2:53  Overlord  
  32  2:55  Zergling x2  
  32  2:57  Baneling  
  32  2:58  Baneling x3  
  33  3:03  Drone  
  34  3:05  Drone  
  35  3:14  Drone  
  35  3:16  Drone  
  37  3:26  Drone x2  
  37  3:27  Drone  
  39  3:30  Drone  
  39  3:32  Drone x2  
  38  3:38  Drone x3  
  39  3:42  Drone  
  38  3:50  Zergling x8  
  40  3:56  Drone  
  41  4:03  Hatchery  
  41  4:06  Overlord  
  41  4:07  Zergling x2  
  41  4:08  Baneling  
  41  4:09  Baneling  
  41  4:12  Zergling x2  
  42  4:19  Zergling x4  
  42  4:21  Overlord  
  42  4:23  Baneling  
  41  4:32  Drone x3  
  44  4:39  Drone  
  44  4:43  Overlord  
  46  4:45  Drone x3  
  46  4:48  Roach Warren  
  46  4:49  Extractor, Zergling x4  
  46  4:51  Extractor, Zergling x2  
  49  4:56  Drone  
  49  4:57  Overlord  
  51  5:07  Drone  
  51  5:08  Drone  
  50  5:16  Overlord  
  50  5:29  Roach x7  
  62  5:37  Roach x5  
  74  5:42  Roach  
  74  5:45  Queen  
  76  5:50  Zergling x2  
  76  5:51  Zergling x2  
  76  5:52  Zergling x2  
  76  5:53  Zergling x6  
  82  5:58  Zergling x2, Overlord  
  82  6:03  Ravager  
  82  6:04  Ravager x2  
  80  6:06  Zergling x2  
  80  6:07  Zergling x6  
  80  6:09  Zergling x2  
  87  6:11  Zergling x2  
  87  6:15  Overlord  
  87  6:19  Zergling x2  
  88  6:27  Zergling x8  
  88  6:31  Zergling x2  
  92  6:33  Ravager x2  
  92  6:34  Ravager  
  92  6:35  Zergling x2  
  92  6:36  Zergling x2  
  92  6:37  Zergling x2  
  97  6:45  Ravager  
  97  6:46  Zergling x6  
  97  6:49  Drone  
  97  6:54  Zergling x8  
  88  7:00  Drone  
  83  7:02  Zergling x2  
  83  7:09  Zergling x2  
  83  7:11  Roach  
  83  7:12  Ravager  
  83  7:13  Zergling x2  
  83  7:15  Drone, Lair  
  87  7:18  Evolution Chamber  
  87  7:21  Zergling x8  
  87  7:25  Zergling x2  
  87  7:29  Zergling x2  
  87  7:32  Zergling x2  
  87  7:34  Drone  
  84  7:35  Drone x2  
Show
View Real Time Build Order
Export as new Build Order

GOStephano Zerg 

Build Orders: Hatch First 

Get SALT Encoding   

  12  0:00  Drone  
  13  0:12  Overlord  
  13  0:16  Drone  
  14  0:30  Drone x2  
  16  0:47  Hatchery  
  15  0:50  Drone  
  15  0:53  Drone  
  17  0:57  Drone  
  18  1:07  Extractor  
  17  1:12  Spawning Pool  
  17  1:15  Drone  
  18  1:18  Drone  
  18  1:27  Drone  
  19  1:38  Drone  
  20  1:49  Drone  
  21  1:59  Queen x2  
  21  2:00  Drone, Zergling x2  
  27  2:09  Drone  
  27  2:11  Metabolic Boost, Overlord  
  28  2:31  Zergling x4  
  28  2:32  Zergling x2  
  28  2:34  Spine Crawler  
  30  2:38  Queen  
  32  2:46  Overlord  
  32  2:52  Drone  
  32  2:56  Drone  
  34  2:59  Drone x2  
  35  3:09  Baneling Nest, Zergling x8  
  38  3:20  Zergling x8  
  42  3:33  Zergling x6  
  35  3:38  Queen  
  35  3:41  Zergling x2  
  35  3:48  Zergling x4  
  35  3:56  Drone x2  
  35  3:58  Drone  
  38  4:10  Baneling x2  
  38  4:20  Hatchery  
  38  4:22  Drone  
  37  4:25  Drone x2  
  37  4:29  Drone x2  
  39  4:33  Drone  
  39  4:39  Drone x3  
  42  4:47  Overlord  
  42  4:52  Extractor, Zergling x4  
  43  4:55  Evolution Chamber  
  43  4:59  Overlord  
  42  5:04  Drone  
  43  5:09  Drone x6  
  43  5:12  Lair  
  49  5:15  Extractor  
  49  5:18  Queen  
  50  5:28  Drone x3  
  50  5:30  Zerg Missile Weapons Level 1  
  52  5:43  Roach Warren  
  52  5:44  Baneling x2  
  52  5:48  Zergling x2  
  52  5:49  Zergling x10  
  57  5:59  Spine Crawler x2  
  57  6:00  Spine Crawler, Baneling x2  
  52  6:04  Zergling x8  
  52  6:10  Queen  
  58  6:16  Overlord  
  64  6:25  Roach x3  
  64  6:26  Roach  
  65  6:35  Roach x4  
  71  6:43  Roach  
  71  6:45  Roach  
  73  6:52  Roach x2  
  73  6:55  Roach  
  73  6:56  Overlord  
  73  6:59  Roach  
  73  7:00  Zergling x2  
  70  7:01  Baneling x2  
  70  7:02  Baneling  
  70  7:08  Roach  
  51  7:16  Roach  
  51  7:17  Roach x2  
  51  7:19  Roach  

Tags
 
Add a new tag
Caveats
  • Supply blocks, unpowered buildings, or Contaminate may cause inaccurate times.
  • Supply counts are checked every 10 seconds.